 Dungeon Crawl Stone Soup version 0.21.1-1-g345015fe64 (webtiles) character file.

454 CInkIbrahim the Poker (level 7, -4/45 HPs)
             Began as an Octopode Gladiator on May 27, 2018.
             Slain by an orc warrior
             ... wielding a +0 halberd
              (24 damage)
             ... on level 3 of the Dungeon.
             The game lasted 00:03:39 (2456 turns).

CInkIbrahim the Poker (Octopode Gladiator)          Turns: 2456, Time: 00:03:39

Health: -4/45      AC:  3    Str: 13    XL:     7   Next: 5%
Magic:  7/7        EV: 14    Int: 11    God:
Gold:   92         SH:  0    Dex: 15    Spells: 6/6 levels left

rFire    . . .     SeeInvis .   a - +0 trident
rCold    . . .     Gourm    .   (no shield)
rNeg     . . .     Faith    .   b - +0 hat
rPois    .         Spirit   .   (no amulet)
rElec    .         Reflect  .   k - ring of flight
rCorr    .         Harm     .   (no ring)
MR       .....                  (no ring)
Stlth    ++........             (no ring)
HPRegen  0.15/turn              (no ring)
MPRegen  0.10/turn              (no ring)
                                (no ring)
                                (no ring)

@: no status effects
A: almost no armour, stealthy swim, amphibious, 8 rings, constrict 8, molten
scales 1, camouflage 1, sense surroundings 1, gelatinous body 1, evolution 1
a: Evoke Flight


You were on level 3 of the Dungeon.
You were not hungry.

You visited 1 branch of the dungeon, and saw 3 of its levels.

You collected 92 gold pieces.

Inventory:

Hand Weapons
 a - a +0 trident (weapon)
Missiles
 c - 2 throwing nets (quivered)
Armour
 b - a +0 hat (worn)
 n - a +2 large shield
Jewellery
 k - a ring of flight (left tentacle)
Scrolls
 e - 4 scrolls of teleportation {unknown}
 f - a scroll of identify
 i - a scroll of fear {unknown}
 j - 2 scrolls of remove curse {unknown}
 l - 2 scrolls of enchant weapon {unknown}
 m - a scroll of blinking {unknown}
 p - a scroll of noise {unknown}
Potions
 h - 2 potions of curing
Books
 g - a book of Maledictions

   Spells                             Type                      Level
   a - Corona                         Hexes                        1
   b - Ensorcelled Hibernation        Hexes/Ice                    2
   c - Confuse                        Hexes                        3
   d - Tukima's Dance                 Hexes                        3
   e - Dazzling Spray                 Conjuration/Hexes            3
Comestibles
 d - 3 rations
 o - 2 chunks of flesh


   Skills:
 - Level 2.0 Fighting
 + Level 7.7 Polearms
 - Level 2.0 Throwing
 - Level 3.0 Dodging


You had 6 spell levels left.
You didn't know any spells.

Dungeon Overview and Level Annotations

Branches:
Dungeon (3/15)

Altars:
Nemelex Xobeh


Innate Abilities, Weirdness & Mutations

You cannot wear most types of armour.
You are very stealthy in the water. (Stealth+)
You are amphibious.
You can wear up to eight rings at the same time.
You can use your tentacles to constrict eight enemies at once.
Your skin changes colour to match your surroundings (Stealth+).
Your rubbery body absorbs attacks. (AC +1, EV +1)
You are partially covered in molten scales. (AC +2)
You passively map a small area around you.
You evolve.


Message History

The orc warrior is moderately wounded.
You constrict the orc warrior.
The orc warrior struggles against the net.
You hit the orc warrior but do no damage.
The orc warrior is moderately wounded.
You constrict the orc warrior.
The orc warrior struggles against the net.
The net rips apart, and the orc warrior comes free!
You barely miss the orc warrior. You squeeze the orc warrior.
The orc warrior is heavily wounded.
You constrict the orc warrior, but do no damage.
The orc priest mumbles some strange prayers to Beogh against you.
Beogh smites you!
You hit the orc warrior but do no damage.
You squeeze the orc warrior.
The orc warrior is heavily wounded.
You constrict the orc warrior.
The orc warrior hits you with a halberd!!
Ouch! That really hurt!
You die...

#.# ,* , ,, #.# #.# #.# , , **
#..#.# #.# #.#*,* #..#.# #.#
#.##.# # #..#.# #.# #.##.#*#.# *
#..#.# #.# #.##.# .... #..#.# #.#
#)##.# ....., #..#.# #.##.#
.....o###..#.#
#.##.#*#....oo@.....#
###.##.###########..##########
.............................. *
###.##.##########.##)###########*
..#....##### *#........)........
..#.........> #.#..#.#)#########,
..#.######### #.#..#.....#
....### * * #.#..#...#.#
.......... #.#..#...#.# ,


You could see an orc warrior and 2 orc priests.

Vanquished Creatures
  The ghost of Tali the Covered, an amateur MiFi (D:3)
  An ogre (D:3)
  4 gnolls
  An adder (D:3)
  An ooze (D:3)
  A worm (D:3)
  7 leopard geckos
  8 orcs (D:3)
  13 bats
  3 giant cockroaches
  6 hobgoblins
  7 jackals
  2 quokkas
  10 frilled lizards
  11 goblins
  5 kobolds
  4 rats
85 creatures vanquished.

Vanquished Creatures (others)
  4 toadstools (D:1)
4 creatures vanquished.

Grand Total: 89 creatures vanquished

Notes
Turn   | Place    | Note
-------+----------+-------------------------------------------
     0 | D:1      | CInkIbrahim the Octopode Gladiator began the quest for the Orb.
     0 | D:1      | Reached XP level 1. HP: 14/14 MP: 1/1
   378 | D:1      | Reached XP level 2. HP: 17/19 MP: 2/2
   703 | D:1      | Reached skill level 4 in Polearms
   714 | D:1      | Reached XP level 3. HP: 21/24 MP: 3/3
  1169 | D:2      | Gained mutation: Your muscles are strong. (Str +2) [potion of mutation]
  1169 | D:2      | Gained mutation: Your muscles are very strong. (Str +4) [potion of mutation]
  1169 | D:2      | Gained mutation: You passively map a small area around you. [potion of mutation]
  1390 | D:2      | Reached XP level 4. HP: 29/29 MP: 4/4
  1431 | D:3      | Reached skill level 5 in Polearms
  1878 | D:3      | Lost mutation: Your muscles are very strong. (Str +4) [potion of mutation]
  1878 | D:3      | Lost mutation: Your muscles are strong. (Str +2) [potion of mutation]
  1878 | D:3      | Gained mutation: You are partially covered in molten scales. (AC +2) [potion of mutation]
  1878 | D:3      | Gained mutation: Your spells are a little easier to cast, but a little less powerful. [potion of mutation]
  1878 | D:3      | Gained mutation: You evolve. [potion of mutation]
  1880 | D:3      | Noticed Tali's ghost (amateur MiFi)
  1919 | D:3      | Killed Tali's ghost
  1919 | D:3      | Reached skill level 7 in Polearms
  1919 | D:3      | Reached XP level 5. HP: 34/34 MP: 5/5
  1919 | D:3      | Reached XP level 6. HP: 39/39 MP: 6/6
  2181 | D:3      | Found a sparkling altar of Nemelex Xobeh.
  2216 | D:3      | Lost mutation: Your spells are a little easier to cast, but a little less powerful. [evolution]
  2378 | D:3      | Noticed an orc warrior
  2420 | D:3      | Reached XP level 7. HP: 41/45 MP: 7/7
  2456 | D:3      | Slain by an orc warrior

Skill      XL: |  1  2  3  4 |
---------------+-------------+-----
Polearms       | 4 7 |  7.7
Fighting       | |  2.0
Throwing       | |  2.0
Dodging        | |  3.0

Action                   |  1- 3 |  4- 6 |  7- 9 || total
-------------------------+-------+-------+-------++-------
Melee: Trident           |    95 |   129 |     5 ||   229
       Constrict         |    20 |    19 |     1 ||    40
       Tentacles         |    11 |    15 |     3 ||    29
Throw: Throwing net      |       |       |     1 ||     1
  Use: Scroll            |     3 |       |       ||     3
       Potion            |     1 |     2 |       ||     3
 Stab: Sleeping          |     9 |     8 |       ||    17
  Eat: Chunk             |     2 |     3 |       ||     5
Armor: Skin              |     4 |    27 |       ||    31
Dodge: Dodged            |    33 |    60 |     1 ||    94
